 Dungeon Crawl Stone Soup version 0.27.1-33-g824d729ab1 (webtiles) character file.

Game seed: 6581394726392323350

133 SensoryNuts the Shield-Bearer (level 5, 0/33 HPs)
             Began as a Gargoyle Fighter on Dec 11, 2021.
             Slain by an adder skeleton (3 damage)
             ... on level 4 of the Dungeon.
             The game lasted 00:03:17 (3914 turns).

SensoryNuts the Shield-Bearer (Gargoyle Fighter)    Turns: 3914, Time: 00:03:18

Health: 0/33       AC: 13    Str: 21    XL:     5   Next: 16%
Magic:  5/5        EV:  7    Int:  8    God:
Gold:   163        SH:  9    Dex:  9    Spells: 4/4 levels left

rFire    . . .     SeeInvis +   a - +0 long sword
rCold    . . .     Faith    .   c - +0 kite shield
rNeg     + . .     Spirit   .   b - +0 scale mail
rPois    ∞         Reflect  .   i - +0 helmet {SInv}
rElec    +         Harm     .   h - +0 cloak
rCorr    .         Rampage  .   (no gloves)
Will     .....                  (no boots)
Stlth    ..........             (no amulet)
HPRegen  0.11/turn              (no ring)
MPRegen  0.09/turn              (no ring)

@: mighty
A: sickness immunity, AC +4, negative energy resistance 1, electricity
resistance, torment resistance 1, petrification resistance
a: no special abilities


You were on level 4 of the Dungeon.
You visited 1 branch of the dungeon, and saw 4 of its levels.

You collected 163 gold pieces.

Inventory:

Hand Weapons
 a - a +0 long sword (weapon)
Armour
 b - a +0 scale mail (worn)
 c - a +0 kite shield (worn)
 h - a +0 cloak (worn)
 i - a +0 helmet of see invisible (worn)
Scrolls
 e - a scroll of fear
 g - 2 scrolls of teleportation
 k - a scroll of holy word
Potions
 f - a potion of brilliance {unknown}


   Skills:
 + Level 3.8 Fighting
 + Level 3.4 Long Blades
 + Level 3.7 Armour
 + Level 0.3 Dodging
 + Level 0.3 Stealth
 + Level 4.1 Shields


You had 4 spell levels left.
You didn't know any spells.
Your spell library contained the following spells:

 Spells                   Type           Power      Damage    Failure   Level
 Corona                   Hex            0%         N/A       99%         1
 Ensorcelled Hibernation  Hex/Ice        0%         N/A       100%        2
 Tukima's Dance           Hex            0%         N/A       100%        3
 Iskenderun's Battlesphe  Conj           0%         2d6       100%        5
 Iron Shot                Conj/Erth      0%         9d1       100%        6
 Spellforged Servitor     Conj/Summ      0%         N/A       100%        7


Dungeon Overview and Level Annotations

Branches:
Dungeon (4/15)
 Temple: D:4-7

Altars:


Innate Abilities, Weirdness & Mutations

You are immune to sickness and miasma.
Your stone body is resilient. (AC +4)
You are immune to poison.
You resist negative energy. (rN+)
You are resistant to electric shocks. (rElec)
You are resistant to unholy torment.
You are immune to petrification.


Message History

You slash the jelly!
Your hands burn!
The jelly is heavily wounded.
The jelly hits you but does no damage. The endoplasm freezes you.
You are frozen.
You hit the jelly.
Your hands burn!
The jelly is severely wounded.
You block the jelly's attack. You block the endoplasm's attack.
The jelly hits you.
You are splashed with acid!
* * * LOW HITPOINT WARNING * * *
The endoplasm hits you but does no damage.
You are too injured to fight recklessly!
You are too injured to fight recklessly!
You are too injured to fight recklessly!
You are too injured to fight recklessly!
You are too injured to fight recklessly!
You are too injured to fight recklessly!
You are too injured to fight recklessly!
You are too injured to fight recklessly!
You are too injured to fight recklessly!
You are too injured to fight recklessly!
You are too injured to fight recklessly!
The endoplasm freezes you.
You are frozen.
* * * LOW HITPOINT WARNING * * *
You feel very mighty all of a sudden. The jelly barely misses you.
The endoplasm barely misses you.
You slash the jelly!
You kill the jelly!
Your Long Blades skill increases to level 3!
You have reached level 5!
You barely miss the endoplasm.
The endoplasm hits you but does no damage.
The endoplasm closely misses you.
You slice the endoplasm!!
You kill the endoplasm!
You slash the adder skeleton!
The adder skeleton is severely damaged.
The adder skeleton bites you.
You die...

#....#
##...........#
#.....##
##)..........
#......##
###...#######
#.......###...###
#
##.......#...###
#............#
#.#......###.##
#...............
#..##.#@##.###.#
. #.#Z##.###.#
#...†.......
#.#)#.##.###.
...#....... ..##
#.#.#.##. #.
..#..... # #..
.!.#. #.# $...


You could see an adder skeleton.

Vanquished Creatures
  A jelly (D:4)
  2 adders (D:2)
  2 worms
  5 dart slugs
  9 endoplasms
  2 giant cockroaches
  2 goblins
  8 hobgoblins
  6 jackals
  2 quokkas
  5 ball pythons
  7 bats
  3 frilled lizards
  A jackal skeleton (D:4)
  5 kobolds
  4 rats
64 creatures vanquished.

Vanquished Creatures (others)
  3 plants (D:2)
3 creatures vanquished.

Grand Total: 67 creatures vanquished

Notes
Turn   | Place    | Note
-------+----------+-------------------------------------------
     0 | D:1      | SensoryNuts the Gargoyle Fighter began the quest for the
                  | Orb.
     0 | D:1      | Reached XP level 1. HP: 14/14 MP: 1/1
   228 | D:1      | Reached XP level 2. HP: 19/19 MP: 2/2
  1261 | D:2      | Reached XP level 3. HP: 23/23 MP: 3/3
  1624 | D:2      | Reached skill level 4 in Shields
  2102 | D:2      | Reached XP level 4. HP: 22/29 MP: 4/4
  2822 | D:3      | Found a faded altar of an unknown god.
  3912 | D:4      | Reached XP level 5. HP: 3/33 MP: 5/5
  3914 | D:4      | Slain by an adder skeleton

Illustrated notes

Levels and vault maps discovered:
D:1:      scummos_arrival_star, layout_basic, feat_on_display
D:2:      layout_basic, serial_forest, infiniplex_forest_straight_2,
          infiniplex_forest_lined_2, infiniplex_forest_straight_2,
          infiniplex_forest_join, infiniplex_forest_3_way,
          infiniplex_forest_3_way, infiniplex_forest_lined_3,
          infiniplex_forest_clump_tiny
D:3:      layout_loops_cross, basic_ecumenical_altar
D:4:      layout_cave_pods, minmay_misc_feat_secret_circle, minmay_diced_spiral

Skill      XL: |  1  2  3  4 |
---------------+-------------+-----
Long Blades    | 2 3 |  3.4
Shields        | 4 |  4.1
Fighting       | |  3.8
Armour         | |  3.7
Dodging        | |  0.3
Stealth        | |  0.3

Action                   |  1- 3 |  4- 6 || total
-------------------------+-------+-------++-------
Melee: Long sword        |   134 |    73 ||   207
  Use: Scroll            |     2 |     3 ||     5
       Potion            |     1 |     4 ||     5
Armor: Scale mail        |    90 |    38 ||   128
Dodge: Dodged            |    49 |    23 ||    72
Block: Kite shield       |    84 |    53 ||   137
       Rpst.: Long sword |    15 |    10 ||    25
